 Dungeon Crawl Stone Soup version 0.25-a0-413-g3b4b6a4ccc (webtiles) character file.

Game seed: 1623786012769671851, levelgen mode: deterministic

13902 DerDa the Thaumaturge (level 12, -3/80 HPs)
             Began as an Octopode Fire Elementalist on Jan 14, 2020.
             Was an Elder of Sif Muna.
             Slain by a komodo dragon (29 damage)
             ... on level 6 of the Lair of Beasts.
             The game lasted 00:55:48 (14019 turns).

DerDa the Thaumaturge (Octopode Fire Elementalist) Turns: 14019, Time: 00:55:54

Health: -3/80      AC:  1    Str: 12    XL:     12   Next: 10%
Magic:  14/26      EV: 18    Int: 22    God:    Sif Muna [****..]
Gold:   528        SH:  0    Dex: 12    Spells: 17/32 levels left

rFire    . . .     SeeInvis .   I - +6 broad axe of Starshine {venom, rN+ Str+4}
rCold    . . .     Gourm    .   (no shield)
rNeg     + . .     Faith    .   h - +0 hat
rPois    .         Spirit   .   (no amulet)
rElec    .         Reflect  .   l - +5 ring of evasion
rCorr    .         Harm     .   H - ring of flight
MR       .....                  (no ring)
Stlth    +++.......             (no ring)
HPRegen  0.23/turn              (no ring)
MPRegen  0.20/turn              (no ring)
                                (no ring)
                                (no ring)

@: lethally poisoned (-3 -> -5)
A: almost no armour, stealthy swim, amphibious, 8 rings, constrict 8, camouflage
1, gelatinous body 1
a: Channel Magic, Forget Spell, Divine Exegesis, Renounce Religion, Evoke Flight


You were on level 6 of the Lair of Beasts.
You worshipped Sif Muna.
Sif Muna was greatly pleased with you.
You were not hungry.

You visited 3 branches of the dungeon, and saw 16 of its levels.

You collected 596 gold pieces.
You spent 68 gold pieces at shops.

Inventory:

Hand Weapons
 f - a +3 falchion of freezing
 p - a +2 whip of freezing
 G - a +3 quarterstaff of chaos
 I - the +6 broad axe of Starshine (weapon) {venom, rN+ Str+4}
   (You found it on level 9 of the Dungeon)

   It poisons the flesh of those it strikes.
   It affects your strength (+4).
   It protects you from negative energy.
Missiles
 g - 13 atropa-tipped darts
 r - 73 poisoned darts (quivered)
Armour
 h - a +0 hat (worn)
Magical Staves
 n - an uncursed staff of wizardry
Jewellery
 l - a +5 ring of evasion (left tentacle)
 H - a ring of flight (right tentacle)
Wands
 c - a wand of digging (13)
 B - a wand of flame (29)
 D - a wand of enslavement (15)
 F - a wand of iceblast (28)
Scrolls
 d - a scroll of identify
 j - 3 scrolls of enchant armour
 o - 7 scrolls of remove curse
 q - 2 scrolls of fear
 t - 3 scrolls of amnesia
 u - a scroll of silence
 v - 2 scrolls of enchant weapon
 w - a scroll of blinking
 y - 2 scrolls of teleportation
 z - a scroll of magic mapping
Potions
 a - a potion of might
 e - 2 potions of curing
 i - 3 potions of haste
 k - 5 potions of ambrosia
 m - 3 potions of heal wounds
 s - 3 potions of flight {unknown}
 A - 4 potions of brilliance {unknown}
Comestibles
 b - 18 rations


   Skills:
 + Level 6.9 Fighting
 - Level 2.0 Dodging
 - Level 2.6 Stealth
 * Level 10.9 Spellcasting
 + Level 8.2 Conjurations
 + Level 1.7 Transmutations
 + Level 8.8 Fire Magic
 + Level 7.4 Invocations


You had 17 spell levels left.
You knew the following spells:

 Your Spells              Type           Power        Failure   Level  Hunger
a - Foxfire               Conj/Fire      ####         1%          1    None
b - Sticky Flame          Conj/Fire      #####...     1%          4    #......
c - Fireball              Conj/Fire      #####.....   4%          5    ####...
d - Irradiate             Conj/Tmut      ####......   21%         5    ####...

Your spell library contained the following spells:

 Spells                   Type           Power        Failure   Level  Hunger
 Conjure Flame            Conj/Fire      #####...     1%          3    None
 Inner Flame              Hex/Fire       ####....     2%          3    None
 Animate Skeleton         Necr           N/A          5%          1    None
 Apportation              Tloc           ##....       5%          1    None
 Corona                   Hex            ##.....      5%          1    None
 Summon Small Mammal      Summ           ##..         5%          1    None
 Hydra Form               Tmut           ###.......   99%         6    ######.
 Statue Form              Tmut/Erth      ###......    99%         6    ######.
 Dragon Form              Tmut           ###.......   100%        7    #######


Dungeon Overview and Level Annotations

Branches:
Dungeon (10/15)            Temple (1/1) D:4            Lair (6/6) D:10
  Snake (0/4) Lair:3        Slime (0/5) Lair:6          Orc (0/2) D:9
  Swamp: Lair:2-4    Shoals: Lair:2-4

Altars:
Ashenzari
Cheibriados
Dithmenos
Elyvilon
Fedhas
Gozag
Hepliaklqana
Kikubaaqudgha
Makhleb
Nemelex Xobeh
Okawaru
Qazlal
Ru
Sif Muna
Trog
Uskayaw
Vehumet
Wu Jian
Xom
Yredelemnul
Zin
The Shining One

Shops:
D:9 *

Annotations:
D:5 2 transporters, erthbison's ghost, amateur DsIE
D:6 exclusion: statue
Lair:1 1 runed translucent door, Lose's ghost, journeyman GnBe
Lair:6 Sonja


Innate Abilities, Weirdness & Mutations

You cannot wear most types of armour.
You are very stealthy in the water. (Stealth+)
You are amphibious.
You can wear up to eight rings at the same time.
You can use your tentacles to constrict eight enemies at once.
Your skin changes colour to match your surroundings (Stealth+).
Your rubbery body absorbs attacks. (AC +1, EV +1)


Message History

As you read the scroll of fear, it crumbles to dust.
You assume a fearsome visage.
The dream sheep looks frightened!
The dream sheep is struck with panic!
The wyvern looks frightened!
The spiny frog looks frightened!
The black mamba looks frightened!
The yak looks frightened!
You feel sick.
The wyvern bites the bush but does no damage.
Unknown command.
You feel sick.
The spiny frog stings the bush!!
The black mamba bites the bush!
You feel sick.
The wyvern hisses menacingly.
You feel sick.
You fall into a shaft and drop 1 floor!
The shaft crumbles and collapses.
Level annotation: Sonja You feel sick.
The water moccasin hisses angrily.
The blink frog croaks.
The wolf howls!
You hear a croak.
The water moccasin hisses angrily.
You hear a croak.
The wolf bites you!
The blink frog blinks!
The wolf completely misses you. The komodo dragon bites you!!
You die...

##F....# ***,,, **P....# *##*##**
*,,,,, *,..F.##
**#.##.#.*****,,,, **..F..#
*,.......**,,*,,,,
**..F.#######.....,,,,,,,,,,,
***,..:..##..#.....,./,,,,,,,,,
***,*,.....#...h...#....,,,,,,,,,
,,,,,,,,,..S?..Shl.F....,,,,,,,<,
,,,,,,,,,,,,,*#S@#,,,,,,,,,,,,,,,
****,***,*****####,,,,,,,,,,,,,,,
* *** *** ****,,,,,,,,,,,,.P,
****** *,,*,,,,,,,,,,,,,.,
**,,*,** ***,,,,**,P.,,,,,., *
**,,,,,,* *,,,,,,,,,#..,,,*.# *
*,,,,,,** *,,,,,,,,,*...,,*#t *
*,,,,,,** **,,,*,*****..#,##Y
**,,,,,,* **,,,,,*******#F##.Y


You could see a komodo dragon, a blink frog, 3 water moccasins and 2 wolves.

Vanquished Creatures
  A hydra (Lair:3)
  A two-headed ogre (D:10)
  4 spiny frogs
  3 rime drakes
  2 komodo dragons
  A hornet (D:10)
  5 blink frogs (Lair:1)
  2 hippogriffs
  3 dream sheep (Lair:5)
  A meliai zombie (D:10)
  A spriggan (D:7)
  Eustachio (D:4)
  3 nagas (Lair:3)
  3 wargs (D:10)
  8 porcupines
  5 water moccasins
  3 ice beasts
  2 sky beasts (D:10)
  5 necrophages (D:10)
  2 orc warriors
  2 wolves (Lair:6)
  5 ogres
  A phantom (D:8)
  7 centaurs
  A crocodile (Lair:3)
  A big kobold (D:10)
  8 bullfrogs
  A wyvern zombie (D:10)
  A wyvern skeleton (D:6)
  3 scorpions
  3 killer bees (D:8)
  9 wights
  A howler monkey (D:4)
  7 crimson imps
  A quasit (D:9)
  A bullfrog zombie (D:8)
  2 centaur zombies
  5 hounds
  Crazy Yiuf (D:7)
  4 jellies
  6 orc priests
  7 orc wizards
  3 iguanas
  6 worker ants
  2 hound zombies (D:6)
  A hound skeleton (D:5)
  2 mummies (D:10)
  4 gnolls (D:6)
  A howler monkey skeleton (D:10)
  6 worker ant zombies (D:10)
  5 adders
  A shadow imp (D:9)
  2 oozes
  2 adder zombies
  2 adder skeletons
  7 worms
  A dart slug (D:1)
  6 leopard geckos
  28 orcs
  4 bats
  6 giant cockroaches
  8 goblins
  7 hobgoblins
  8 jackals
  16 kobolds
  6 quokkas
  4 ball pythons
  5 frilled lizards
  A leopard gecko skeleton (D:5)
  A quokka skeleton (D:6)
  3 rats
  A fungus (Lair:1)
282 creatures vanquished.

Vanquished Creatures (others)
  767 foxfires
  5 fungi
  A plant (Lair:6)
773 creatures vanquished.

Grand Total: 1055 creatures vanquished

Notes
Turn   | Place    | Note
-------+----------+-------------------------------------------
     0 | D:1      | DerDa the Octopode Fire Elementalist began the quest for
                  | the Orb.
     0 | D:1      | Reached XP level 1. HP: 11/11 MP: 3/3
   217 | D:1      | Reached XP level 2. HP: 17/17 MP: 3/5
   645 | D:1      | Reached XP level 3. HP: 17/21 MP: 4/7
   772 | D:2      | Found a shattered altar of Ashenzari.
   791 | D:2      | Found a sacrificial altar of Ru.
  1052 | D:2      | Reached skill level 3 in Spellcasting
  1157 | D:2      | Reached XP level 4. HP: 27/27 MP: 5/8
  1344 | D:3      | Noticed a +0 hand axe
  1344 | D:3      | Noticed a +0 dagger
  1384 | D:3      | Found a hide-covered altar of Uskayaw.
  1906 | D:3      | Found a faded altar of an unknown god.
  2125 | D:3      | Found a bloodstained altar of Trog.
  2211 | D:3      | Reached XP level 5. HP: 31/31 MP: 5/10
  2369 | D:4      | Found a white marble altar of Elyvilon.
  2595 | D:4      | Found a staircase to the Ecumenical Temple.
  2607 | D:4      | Noticed Eustachio
  2619 | Temple   | Entered the Ecumenical Temple
  2684 | Temple   | Became a worshipper of Sif Muna the Loreminder
  2722 | Temple   | Learned a level 4 spell: Sticky Flame
  2728 | Temple   | Learned a level 5 spell: Fireball
  2739 | D:4      | Killed Eustachio
  2739 | D:4      | Reached skill level 4 in Spellcasting
  2739 | D:4      | Reached XP level 6. HP: 22/36 MP: 0/12
  3048 | D:4      | Found a shadowy altar of Dithmenos.
  3403 | D:5      | Entered Level 5 of the Dungeon
  3528 | D:5      | Reached XP level 7. HP: 29/41 MP: 14/14
  3582 | D:5      | Reached skill level 5 in Spellcasting
  3613 | D:5      | Noticed erthbison's ghost (amateur DsIE)
  3616 | D:5      | Found a transporter.
  3626 | D:5      | Found a transporter.
  3894 | D:5      | Reached * piety under Sif Muna
  4024 | D:5      | Found a basalt altar of Yredelemnul.
  4298 | D:6      | Reached skill level 5 in Fire Magic
  4484 | D:6      | Reached skill level 6 in Spellcasting
  4484 | D:6      | Reached XP level 8. HP: 6/46 MP: 7/17
  4915 | D:6      | Reached skill level 1 in Fighting
  5048 | D:6      | Reached skill level 1 in Invocations
  5239 | D:6      | Found a radiant altar of Vehumet.
  5610 | D:6      | Found a stormy altar of Qazlal.
  5965 | D:7      | Found an iron altar of Okawaru.
  6011 | D:7      | Reached skill level 5 in Conjurations
  6055 | D:7      | Reached ** piety under Sif Muna
  6055 | D:7      | Reached skill level 7 in Spellcasting
  6231 | D:7      | Found an opulent altar of Gozag.
  6243 | D:7      | Reached XP level 9. HP: 51/55 MP: 14/19
  6441 | D:7      | Found a runed translucent door.
  6442 | D:7      | Noticed Crazy Yiuf
  6703 | D:7      | Killed Crazy Yiuf
  7521 | D:8      | Reached skill level 8 in Spellcasting
  8065 | D:9      | Got an encrusted broad axe
  8065 | D:9      | Identified the +6 broad axe of Starshine {venom, rN+ Str+4}
                  | (You found it on level 9 of the Dungeon)
  8143 | D:9      | Found a staircase to the Orcish Mines.
  8291 | D:9      | Reached XP level 10. HP: 44/63 MP: 11/22
  8546 | D:9      | Found Xoampoahel's General Store.
  8559 | D:9      | Bought 2 scrolls of identify for 68 gold pieces
  8660 | D:9      | Reached *** piety under Sif Muna
  8901 | D:10     | Entered Level 10 of the Dungeon
  9129 | D:10     | Noticed a two-headed ogre
  9526 | D:10     | Reached skill level 5 in Invocations
  9583 | D:10     | Reached skill level 9 in Spellcasting
  9781 | D:10     | Reached skill level 5 in Fighting
 10082 | D:10     | Reached **** piety under Sif Muna
 10284 | D:10     | Identified the cursed +2 hunting sling "Demonslayer"
                  | {velocity, rC+ Str+3 Int-5}
 10510 | D:10     | Killed a two-headed ogre
 10510 | D:10     | Reached XP level 11. HP: 58/72 MP: 5/24
 10632 | D:10     | Found a staircase to the Lair.
 10924 | Lair:1   | Entered Level 1 of the Lair of Beasts
 10989 | Lair:1   | Reached skill level 10 in Spellcasting
 11603 | Lair:1   | Found a runed translucent door.
 11671 | Lair:1   | Found a shimmering altar of Xom.
 11671 | Lair:1   | Noticed a +1 mace of chaos
 11672 | Lair:1   | Noticed Lose's ghost (journeyman GnBe)
 12024 | Lair:2   | HP: 3/73 [porcupine (1)]
 13368 | Lair:3   | Learned a level 5 spell: Irradiate
 13405 | Lair:3   | Noticed a six-headed hydra
 13421 | Lair:3   | Killed a six-headed hydra
 13421 | Lair:3   | Reached skill level 1 in Transmutations
 13633 | Lair:3   | Reached XP level 12. HP: 80/80 MP: 16/26
 13725 | Lair:3   | Found a staircase to the Snake Pit.
 13906 | Lair:3   | You fall into a shaft and drop 3 floors!
 13906 | Lair:6   | Entered Level 6 of the Lair of Beasts
 13909 | Lair:6   | Noticed Sonja
 13909 | Lair:6   | Noticed an eight-headed hydra
 13937 | Lair:6   | Noticed a catoblepas
 14019 | Lair:5   | You fall into a shaft and drop 1 floor!
 14019 | Lair:6   | Slain by a komodo dragon

Levels and vault maps discovered:
D:1:      kilobyte_arrival_exit_the_forest, layout_basic,
          chequers_serial_rivers_room_a, minmay_pentomino_t2
D:2:      layout_loops_cross, lemuel_doored_altar, first_ration,
          nicolae_ru_sacrificial_ziggurat
D:3:      layout_loops_ring, bloody_trog, dancing_weapons_uskayaw,
          chequers_ecumenical_altar_lobes
D:4:      layout_loops_corners, elyvilon_altar_3,
          nicolae_overflow_hidden_temple, minmay_temple_entry_sparse_star,
          uniq_eustachio
D:5:      layout_loops_ring, kennysheep_little_box, gammafunk_ghost_arena
D:6:      layout_layer_cave, old_standard_altar, vehumet_statue,
          minmay_misc_feat_more_columns
D:7:      layout_basic, grunt_gozag_statues, the_bakery, okawaru_trees_1,
          uniq_crazy_yiuf_cottage
D:8:      layout_loops_corners, dk_rats_in_the_wall
D:9:      layout_long_grid, david_orc_3, serial_shops, nicolae_shop_crystal
D:10:     layout_rooms, erik_lair_orcish_takeover, serial_undead,
          serial_undead_d, serial_undead_d, serial_undead_c, serial_undead_f,
          serial_undead_e, serial_undead_f, serial_undead_e, serial_undead_e
Temple:   dshaligram_water_room_temple
Lair:1:   layout_chaotic_city, ebering_ghost_xom, lemuel_fruit_tree
Lair:2:   layout_cave_pods
Lair:3:   layout_small_grid, elwin_shoals_entry_rocks,
          minmay_snake_entry_guardpost_small, infiniplex_staircase_pool_2
Lair:5:   layout_gridlike, enter_volcano_2
Lair:6:   hangedman_lair_in_review, layout_loops_ring, wormcave,
          minmay_slime_entry_oklob_enclosed, uniq_sonja

Skill      XL: |  1  2  3  4  5  6  7  8  9 10 11 |
---------------+----------------------------------+-----
Spellcasting   | 3 4 6 7 8 9 10 | 10.9
Conjurations   | 2 3 4 5 6 7 8 |  8.2
Fire Magic     | 4 5 6 7 8 |  8.8
Fighting       | 2 4 5 6 |  6.9
Invocations    | 2 4 6 7 |  7.4
Transmutations | 1 |  1.7
Dodging        | |  2.0
Stealth        | |  2.6

Action                   |  1- 3 |  4- 6 |  7- 9 | 10-12 || total
-------------------------+-------+-------+-------+-------++-------
Melee: Whip              |     3 |       |       |       ||     3
       Constrict         |     1 |     8 |     3 |    12 ||    24
       Staff             |     1 |    13 |     2 |     3 ||    19
       Tentacles         |       |     4 |     1 |     6 ||    11
       Falchion          |       |    14 |     9 |    13 ||    36
       Broad axe         |       |       |     1 |    24 ||    25
Throw: Dart              |       |     1 |    17 |     3 ||    21
 Cast: Foxfire           |    49 |    93 |   158 |   173 ||   473
       Sticky Flame      |       |     3 |    34 |    48 ||    85
       Fireball          |       |       |    15 |    40 ||    55
Evoke: Wand              |       |       |       |     1 ||     1
  Use: Potion            |       |       |     2 |     5 ||     7
       Scroll            |       |       |    10 |    10 ||    20
 Stab: Distracted        |       |       |       |     1 ||     1
  Eat: Chunk             |     1 |     8 |    19 |    21 ||    49
       Ration            |       |       |     1 |     2 ||     3
Armor: Skin              |       |     7 |     5 |     3 ||    15
Dodge: Dodged            |     4 |    28 |    53 |   103 ||   188
       Rpst.: Falchion   |       |     1 |     1 |     4 ||     6

Table legend:
 A = Non-vault XP
 B = Vault XP
 C = Vault XP percentage of total XP
 D = Non-vault monster count
 E = Vault monster count
 F = Vault count percentage of total count
                 A         B        C        D         E       F
            +---------+---------+-------+---------+---------+-------
      Total |   16365 |    3496 |  17.6 |     241 |      40 |  14.2
            +---------+---------+-------+---------+---------+-------
        D:1 |      31 |       4 |  11.4 |      14 |       2 |  12.5
        D:2 |      53 |       0 |   0.0 |      23 |       0 |   0.0
        D:3 |      81 |       0 |   0.0 |      25 |       0 |   0.0
        D:4 |     116 |     188 |  61.8 |       9 |       1 |  10.0
        D:5 |     387 |       0 |   0.0 |      24 |       0 |   0.0
        D:6 |    1195 |       0 |   0.0 |      28 |       0 |   0.0
        D:7 |     548 |     241 |  30.5 |      12 |       2 |  14.3
        D:8 |    1372 |       0 |   0.0 |      25 |       0 |   0.0
        D:9 |     829 |     187 |  18.4 |      14 |       4 |  22.2
       D:10 |    2876 |    2393 |  45.4 |      31 |      28 |  47.5
     Lair:1 |    4209 |       0 |   0.0 |      21 |       0 |   0.0
     Lair:2 |    2034 |       0 |   0.0 |       6 |       0 |   0.0
     Lair:3 |    1653 |     483 |  22.6 |       4 |       3 |  42.9
     Lair:5 |     741 |       0 |   0.0 |       3 |       0 |   0.0
     Lair:6 |     240 |       0 |   0.0 |       2 |       0 |   0.0
            +---------+---------+-------+---------+---------+-------
